 Dungeon Crawl Stone Soup version 0.28-a0-1555-g9ae15a6949 (webtiles) character file.

Game seed: 8956775884843927583

21 voltaire321 the Digger (level 2, 0/16 HPs)
             Began as a Deep Elf Earth Elementalist on Jan 19, 2022.
             Succumbed to a scorpion's poison
             ... on level 2 of the Dungeon.
             The game lasted 00:03:21 (1211 turns).

voltaire321 the Digger (DEEE)                       Turns: 1211, Time: 00:03:21

Health: 0/16       AC:  5    Str:  5    XL:     2   Next: 62%
Magic:  4/8        EV: 13    Int: 19    God:
Gold:   44         SH:  0    Dex: 15    Spells: 4/7 levels left

rFire   . . .      SeeInvis .   f - +0 dagger
rCold   . . .      Faith    .   (no shield)
rNeg    . . .      Spirit   .   b - +0 robe
rPois   .          Reflect  .   e - +2 helmet
rElec   .          Harm     .   (no cloak)
rCorr   .          Rampage  .   (no gloves)
Will    .....                   (no boots)
Stlth   ++........              (no amulet)
HPRegen 0.05/turn               (no ring)
MPRegen 0.11/turn               (no ring)

@: lethally poisoned (0 -> -17)
A: no striking features
a: no special abilities


You were on level 2 of the Dungeon.
You visited 1 branch of the dungeon, and saw 2 of its levels.

You collected 44 gold pieces.

Inventory:

Hand Weapons
 f - a +0 dagger (weapon)
Missiles
 c - 4 stones
Armour
 b - a +0 robe (worn)
 e - a +2 helmet (worn)
Scrolls
 a - a scroll of blinking {unknown}
Potions
 d - 2 potions of curing {unknown}
 g - a potion of degeneration {unknown}


   Skills:
 + Level 0.7 Fighting
 + Level 2.9 Dodging
 - Level 2.4 Stealth
 + Level 3.4 Spellcasting
 + Level 0.0 Conjurations
 - Level 1.1 Transmutations
 + Level 3.5 Earth Magic


You had 4 spell levels left.
You knew the following spells:

 Your Spells              Type           Power      Damage    Failure   Level
a - Sandblast             Erth           32%        2d9       3%          1
b - Passwall              Tmut/Erth      10%        N/A       9%          2

Your spell library contained the following spells:

 Spells                   Type           Power      Damage    Failure   Level
 Stone Arrow              Conj/Erth      20%        3d8       21%         3
 Petrify                  Tmut/Erth      12%        N/A       50%         4


Dungeon Overview and Level Annotations

Branches:
Dungeon (2/15)

Altars:


Message History

You hit the scorpion.
The scorpion is lightly wounded.
You feel sick. The scorpion closely misses you.
You hit the scorpion but do no damage.
The scorpion is lightly wounded.
You feel sick.
The scorpion stings you but does no damage.
Casting: Sandblast (safe; 3% risk of failure)
Confirm with . or Enter, or press ? or * to list all spells.
Aiming: Sandblast (safe; 3% risk of failure)
Press: ? - help, Shift-Dir - straight line, f - scorpion
Aim: a scorpion (lightly wounded, 79% to hit)
The blast of sand hits the scorpion.
The scorpion is heavily wounded.
You feel sick. The scorpion barely misses you. x2
Casting: Sandblast (safe; 3% risk of failure)
Confirm with . or Enter, or press ? or * to list all spells.
Aiming: Sandblast (safe; 3% risk of failure)
Press: ? - help, Shift-Dir - straight line, f/p - scorpion
Aim: a scorpion (heavily wounded, 79% to hit)
The blast of sand misses the scorpion.
You feel sick. The scorpion closely misses you.
Casting: Sandblast (safe; 3% risk of failure)
Confirm with . or Enter, or press ? or * to list all spells.
Aiming: Sandblast (safe; 3% risk of failure)
Press: ? - help, Shift-Dir - straight line, f/p - scorpion
Aim: a scorpion (heavily wounded, 79% to hit)
The blast of sand hits the scorpion.
The scorpion is severely wounded.
You feel sick. The scorpion stings you.
* * * LOW HITPOINT WARNING * * *
You are lethally poisoned!
The scorpion poisons you!
Casting: Sandblast (safe; 3% risk of failure)
Confirm with . or Enter, or press ? or * to list all spells.
Aiming: Sandblast (safe; 3% risk of failure)
Press: ? - help, Shift-Dir - straight line, f/p - scorpion
Aim: a scorpion (severely wounded, 79% to hit)
The blast of sand misses the scorpion.
You die...

##.♣ ♣..# #..♣#
#♣..######
#...♣♣♣.........
####........######.
........#.###
#######...####
.............#
###.###.####.# #.#
#...s@...# #.# #.#
#.#.###r.###†# #.#
# #..#...#####.###
#..............#
....>............
###..............
#.............#
###...##.###..#
.....##.# #.)#


You could see a scorpion and a quokka.

Vanquished Creatures
  A dart slug (D:1)
  An endoplasm (D:1)
  3 goblins (D:1)
  4 hobgoblins
  2 ball pythons (D:1)
  2 bats (D:1)
  3 frilled lizards
  A kobold (D:1)
  2 rats
19 creatures vanquished.

Notes
Turn   | Place    | Note
-------+----------+-------------------------------------------
     0 | D:1      | voltaire321 the Deep Elf Earth Elementalist began the quest
                  | for the Orb.
     0 | D:1      | Reached XP level 1. HP: 10/10 MP: 6/6
   430 | D:1      | Found a faded altar of an unknown god.
   496 | D:1      | Reached XP level 2. HP: 15/16 MP: 5/8
  1127 | D:1      | Learned a level 2 spell: Passwall
  1202 | D:2      | Noticed a scorpion
  1211 | D:2      | Succumbed to a scorpion's poison

Illustrated notes

Levels and vault maps discovered:
D:1:      amcnicky_arrival_single_pillar, layout_basic,
          chequers_ecumenical_altar_lobes
D:2:      minmay_roachtagon, layout_loops_ring, minmay_stone_trees_small

Action                   || total
-------------------------++-------
Melee: Dagger            ||     5
 Cast: Sandblast         ||    29
 Stab: Sleeping          ||     3
Armor: Robe              ||     3
Dodge: Dodged            ||    12

Table legend: (Time is in decaauts)
 A = Elapsed time spent in this place.
 B = Non-inter-level travel time spent in this place.
 C = Inter-level travel time spent in this place.
 D = Time resting spent in this place.
 E = Time spent auto-exploring this place.
 F = Levels seen in this place.
 G = Mean time per level.
                   A        B        C        D        E       F      G
               +--------+--------+--------+--------+--------+-----+--------+
         Total |   1210 |   1127 |     83 |    163 |    810 |   2 |  605.0 |
       Dungeon |   1210 |   1127 |     83 |    163 |    810 |   2 |  605.0 |
               +--------+--------+--------+--------+--------+-----+--------+

Top non-repeatable levels by time:
     D:1: 1137 daAuts
     D:2: 72 daAuts
